 Dungeon Crawl Stone Soup version 0.30-a0-172-gc5509c9e31 (webtiles) character file.

Game seed: 4328053723901623

5642 blackman the Destroyer (level 10, -18/56 HPs)
             Began as an Octopode Conjurer on Oct 1, 2022.
             Was a Believer of Uskayaw.
             Shot with an arrow by a centaur warrior (26 damage)
             ... on level 9 of the Dungeon.
             The game lasted 00:39:25 (18078 turns).

blackman the Destroyer (Octopode Conjurer)         Turns: 18078, Time: 00:39:26

Health: -18/56     AC:  1    Str:  6    XL:     10   Next: 74%
Magic:  0/17       EV: 17    Int: 31    God:    Uskayaw [**....]
Gold:   490        SH:  0    Dex: 11    Spells: 6/19 levels left

rFire   . . .      SeeInvis +    e - staff of cold
rCold   + . .      Faith    .    (no shield)
rNeg    + . .      Spirit   .    (helmet restricted)
rPois   .          Reflect  .    p - amulet of the acrobat
rElec   +          Harm     .    g - ring of resist corrosion
rCorr   +          Rampage  .    h - ring of flight
Will    .....                    n - +6 ring of intelligence
Stlth   +++.......               B - ring "Zoymel Woepn" {Fly rElec EV+4 Slay+2}
HPRegen 0.29/turn                F - ring of positive energy
MPRegen 0.15/turn                C - ring of see invisible
                                 (no ring)
                                 (no ring)

@: on blink cooldown, flying
A: almost no armour, amphibious, 8 rings, camouflage 1, gelatinous body 1,
(nimble swimmer 1), tentacles
a: Renounce Religion, Stomp, Line Pass


You were on level 9 of the Dungeon.
You worshipped Uskayaw.
Uskayaw was noncommittal.
You visited 2 branches of the dungeon, and saw 10 of its levels.
You also visited: Bailey.

You collected 1239 gold pieces.
You spent 749 gold pieces at shops.

Inventory:

Missiles
 m - 5 curare-tipped darts
Magical Staves
 e - a staff of cold (weapon)
 j - a staff of fire
 y - a staff of earth
Jewellery
 g - a ring of resist corrosion (left tentacle)
 h - a ring of flight (right tentacle)
 n - a +6 ring of intelligence (on tentacle)
 p - an amulet of the acrobat (around mantle)
 B - the ring "Zoymel Woepn" (on tentacle) {Fly rElec EV+4 Slay+2}
   (You bought it in a shop on level 8 of the Dungeon)

   [ring of evasion]

   EV:        It affects your evasion (+4).
   Slay:      It affects your accuracy & damage with ranged weapons and melee
   (+2).
   rElec:     It insulates you from electricity.
   Fly:       It grants you flight.
 C - a ring of see invisible (on tentacle)
 F - a ring of positive energy (on tentacle)
Wands
 x - a wand of flame (5)
Scrolls
 d - 7 scrolls of identify
 f - 5 scrolls of noise
 o - 2 scrolls of enchant armour
 q - 2 scrolls of fear
 r - 4 scrolls of vulnerability {unknown}
 u - 2 scrolls of blinking
 v - 2 scrolls of poison {unknown}
 w - a scroll of magic mapping {unknown}
 z - a scroll of amnesia {unknown}
 D - 3 scrolls of enchant weapon {unknown}
Potions
 a - 2 potions of magic
 b - 5 potions of flight
 c - a potion of cancellation
 i - a potion of might {unknown}
 k - a potion of mutation {unknown}
 l - 3 potions of brilliance {unknown}
 s - a potion of ambrosia {unknown}
 t - 2 potions of degeneration {unknown}
 A - 2 potions of haste {unknown}


   Skills:
 - Level 2.0 Dodging
 - Level 2.6 Stealth
 - Level 5.1 Spellcasting
 - Level 13.5 Conjurations
 * Level 6.0 Hexes
 - Level 3.3 Translocations


You had 6 spell levels left.
You knew the following spells:

 Your Spells              Type           Power      Damage    Failure   Level
a - Magic Dart            Conj           100%       1d8       1%          1
b - Searing Ray           Conj           100%       2d8       1%          2
c - Manifold Assault      Tloc           28%        N/A       14%         4
d - Blink                 Tloc           56%        N/A       1%          2
e - Iskenderun's Mystic   Conj/Tloc      57%        2d12      1%          4

Your spell library contained the following spells:

 Spells                   Type           Power      Damage    Failure   Level
 Dazzling Flash           Conj/Hex       100%       N/A       1%          3
 Fulminant Prism          Conj/Hex       31%        3d16      1%          4
 Anguish                  Hex/Necr       13%        N/A       16%         4
 Enfeeble                 Hex            22%        N/A       98%         7
 Storm Form               Tmut/Air       3%         N/A       100%        7


Dungeon Overview and Level Annotations

Branches:
Dungeon (9/15)             Temple (1/1) D:7            Lair (0/5) D:9
 Bailey (visited)
    Orc: D:9-12

Altars:
Ashenzari
Cheibriados
Dithmenos
Elyvilon
Fedhas
Gozag
Hepliaklqana
Kikubaaqudgha
Makhleb
Nemelex Xobeh
Okawaru
Qazlal
Ru
Sif Muna
Trog
Uskayaw
Wu Jian
Xom
Yredelemnul
Zin
The Shining One

Shops:
D:7 *   D:8 =

Annotations:
D:7 3 runed translucent doors, LnG's ghost, novice KoSu


Innate Abilities, Weirdness & Mutations

You cannot wear most types of armour.
You are amphibious.
You can wear up to eight rings at the same time.
Your skin changes colour to match your surroundings (Stealth+).
Your rubbery body absorbs attacks. (AC +1, EV +1)
((You are camouflaged when in or above water. (Stealth+)))
You have tentacles for arms and can constrict up to eight enemies at once.


Message History

The centaur warrior hits you! The centaur warrior barely misses you.
The centaur warrior hits you!
* * * LOW HITPOINT WARNING * * *
The centaur warrior kicks you.
* * * LOW HITPOINT WARNING * * *
The searing ray hits the centaur warrior!
The centaur warrior is moderately wounded.
The centaur warrior closely misses you.
The centaur warrior completely misses you.
You can now stomp with the beat.
The searing ray misses the centaur warrior.
You finish channelling your searing ray.
The centaur warrior completely misses you.
The centaur warrior misses you.
The centaur warrior completely misses you.
The centaur warrior kicks you.
* * * LOW HITPOINT WARNING * * *
Casting: Searing Ray (safe; 1% risk of failure)
Confirm with . or Enter, or press ? or * to list all spells.
You erupt in a blast of force!
The mystic blast hits the centaur warrior!
The centaur warrior is heavily wounded.
The centaur warrior is knocked back by the mystic blast.
The centaur warrior slams into the rock wall!
The centaur warrior is severely wounded.
You can now pass through a line of other dancers.
Okay, then.
Unknown command.
Unknown command.
Unknown command.
Unknown command.
A centaur warrior is nearby!
Unknown command.
Casting: Iskenderun's Mystic Blast (dangerous; 1% risk of failure)
Confirm with . or Enter, or press ? or * to list all spells.
You blink.
The steam dragon hisses angrily.
The centaur warrior wields a +0 shortbow.
The centaur warrior shoots an arrow.
The arrow hits you!!
You die...

. #e##.#...### #.# .
#. .####..# #######.##
.. ..D##.# #........#
.##.
.####..###.#####..#
#.##.#...#.....# #..#
#.#......#.#.#.###..#
#?##...#.............
##....#.#.#.#.......
##..@......†...###..#
#........#.#.### #.<#
#..##..##.#.#.#####..#
....#
#..##.c§.........#
##...
#..####.#.######.#
#... #..# #.#........#
#.... <..#
#.########## ....
...## #.# ..## ####
#.#


You could see a centaur warrior and a steam dragon.

Vanquished Creatures
  Erica (D:8)
  Pikel (D:5)
  A shadow (D:9)
  2 wyverns (D:9)
  A wraith (D:9)
  5 yaks
  Menkaure (D:4)
  A water moccasin (D:7)
  8 orc warriors
  A black bear (D:5)
  An ice beast (D:5)
  An ogre (D:5)
  A phantom (D:4)
  A lemure (D:5)
  A bullfrog (D:9)
  A scorpion (D:5)
  3 gnoll sergeants
  2 necrophages
  6 killer bees (D:7)
  3 howler monkeys
  4 jellies
  A hound (D:4)
  3 orc priests
  Natasha (twice) (D:2)
  3 gnoll boudas
  4 iguanas
  4 orc wizards
  6 adders
  29 gnolls
  2 shadow imps
  A white imp (D:7)
  2 ufetubi
  6 worms
  A dart slug (D:1)
  29 orcs
  10 ball pythons
  5 bats
  5 endoplasms
  2 giant cockroaches
  13 goblins
  12 hobgoblins
  6 jackals
  4 quokkas
  4 frilled lizards
  16 kobolds
  5 rats
221 creatures vanquished.

Notes
Turn   | Place    | Note
-------+----------+-------------------------------------------
     0 | D:1      | blackman the Octopode Conjurer began the quest for the Orb.
     0 | D:1      | Reached XP level 1. HP: 11/11 MP: 3/3
   386 | D:1      | Reached XP level 2. HP: 15/17 MP: 5/5
   685 | D:1      | Reached XP level 3. HP: 16/21 MP: 6/6
   884 | D:2      | Reached skill level 5 in Conjurations
  1196 | D:2      | Found a faded altar of an unknown god.
  1201 | D:2      | Noticed Natasha
  1210 | D:2      | Killed Natasha
  1211 | D:2      | Reached XP level 4. HP: 27/27 MP: 1/7
  1712 | D:2      | Learned a level 2 spell: Searing Ray
  2046 | D:2      | Noticed Natasha
  2050 | D:2      | Killed Natasha
  2051 | D:2      | Reached skill level 6 in Conjurations
  2051 | D:2      | Reached XP level 5. HP: 24/31 MP: 3/8
  3242 | D:4      | Noticed Menkaure
  3246 | D:4      | Killed Menkaure
  3247 | D:4      | Reached skill level 7 in Conjurations
  3247 | D:4      | Reached XP level 6. HP: 36/36 MP: 0/9
  3788 | D:4      | Reached skill level 8 in Conjurations
  3913 | D:4      | Reached XP level 7. HP: 41/41 MP: 4/10
  5235 | D:5      | Entered Level 5 of the Dungeon
  5246 | D:5      | Reached skill level 9 in Conjurations
  5762 | D:5      | Reached XP level 8. HP: 46/46 MP: 6/11
  5904 | D:5      | Reached skill level 10 in Conjurations
  6265 | D:5      | Noticed Pikel
  6584 | D:5      | Killed Pikel
  6585 | D:5      | Reached skill level 11 in Conjurations
  7749 | D:6      | Reached XP level 9. HP: 47/51 MP: 6/12
  8034 | D:7      | Found Emygg's Assorted Antiques.
  8040 | D:6      | Reached skill level 12 in Conjurations
 10672 | D:7      | Found a runed translucent gate.
 10672 | D:7      | Found a runed translucent gate.
 10672 | D:7      | Found a runed translucent gate.
 10722 | D:7      | Found a staircase to the Ecumenical Temple.
 10744 | D:7      | Bought a scroll labelled CYSYOR CALAWK for 23 gold pieces
 10782 | Temple   | Entered the Ecumenical Temple
 10809 | Temple   | Became a worshipper of Uskayaw the Reveller
 10852 | D:7      | Reached * piety under Uskayaw
 10853 | D:7      | Reached ** piety under Uskayaw
 11112 | D:7      | Found a shimmering blue altar of Sif Muna.
 11112 | D:7      | Found a glowing silver altar of Zin.
 11120 | D:7      | Found a stormy altar of Qazlal.
 11122 | D:7      | Found an iron altar of Okawaru.
 11124 | D:7      | Found a shadowy altar of Dithmenos.
 11215 | D:7      | Noticed LnG's ghost (novice KoSu)
 11268 | D:7      | Reached *** piety under Uskayaw
 11271 | D:7      | Reached skill level 13 in Conjurations
 11942 | D:7      | Reached **** piety under Uskayaw
 12481 | D:8      | Learned a level 4 spell: Manifold Assault
 12484 | D:8      | Learned a level 2 spell: Blink
 12510 | D:8      | Found a flagged portal.
 12578 | Bailey   | Entered a bailey
 12694 | Bailey   | Identified the +1 robe "Egeot" {Regen+ Int+3}
 13001 | Bailey   | Reached skill level 1 in Translocations
 13809 | Bailey   | Reached XP level 10. HP: 56/56 MP: 7/15
 14472 | D:8      | Noticed Erica
 14492 | D:8      | Killed Erica
 14493 | D:8      | Reached skill level 5 in Spellcasting
 14749 | D:8      | Found Seatuxteust's One-of-a-Kind Rings.
 14795 | D:8      | Bought the ring "Zoymel Woepn" {Fly rElec EV+4 Slay+2} for
                  | 726 gold pieces
 15451 | D:9      | Reached skill level 1 in Hexes
 15588 | D:9      | Learned a level 4 spell: Iskenderun's Mystic Blast
 15996 | D:8      | HP: 2/56 [yak (7)]
 17128 | D:9      | Reached skill level 5 in Hexes
 17207 | D:9      | Found a blossoming altar of Fedhas.
 17270 | D:9      | Noticed a centaur warrior
 17273 | D:9      | Noticed a deep elf pyromancer
 17713 | D:9      | Noticed a deep elf pyromancer
 17953 | D:9      | Found a staircase to the Lair.
 18078 | D:9      | Shot with an arrow by a centaur warrior

Illustrated notes

Levels and vault maps discovered:
D:1:      dpeg_arrival_snail, layout_rooms, minmay_misc_feat_tiny
D:2:      layout_basic, hellmonk_ecumenical_altar_blasted, uniq_natasha
D:3:      layout_loops_ring
D:4:      layout_basic, cheibrodos_sewer_entry_bend, uniq_menkaure
D:5:      layout_basic, uniq_pikel
D:6:      layout_cave_pools
D:7:      layout_gridville, chequers_temple_overflow_minitemple, temple_pool_b,
          gammafunk_ghost_icy, serial_shops, shop_fountains
D:8:      layout_basic, enter_bailey_3, nicolae_shop_unique_rings, minivault_11,
          kennysheep_windowed_goal, uniq_erica
D:9:      layout_loops_ring, marbit_many_paths, lair_entry_dummy,
          ploomutoo_gammafunk_ghost_potion_laboratory,
          minmay_fractal_squares_gapless_7, uniq_maggie
Temple:   nicolae_temple_no_exploring_needed

Skill      XL: |  1  2  3  4  5  6  7  8  9 10 |
---------------+-------------------------------+-----
Conjurations   | 5 6 7 8 9 11 13 | 13.5
Translocations | 2 3 |  3.3
Spellcasting   | 3 5 |  5.1
Hexes          | 6 |  6.0
Dodging        | |  2.0
Stealth        | |  2.6

Action                   |  1- 3 |  4- 6 |  7- 9 | 10-12 || total
-------------------------+-------+-------+-------+-------++-------
Melee: Staff             |    57 |    45 |     7 |    11 ||   120
       Tentacles         |    12 |    11 |     1 |     3 ||    27
       Constrict         |    13 |    13 |     1 |     1 ||    28
       Punch             |     1 |     1 |       |       ||     2
Throw: Dart              |       |     1 |     5 |     4 ||    10
 Cast: Magic Dart        |    30 |    23 |   162 |    47 ||   262
       Searing Ray       |       |    16 |    80 |    30 ||   126
       Blink             |       |       |     1 |     1 ||     2
       Iskenderun's Myst |       |       |       |    14 ||    14
       Manifold Assault  |       |       |       |     2 ||     2
Invok: Stomp             |       |       |     1 |     2 ||     3
  Use: Scroll            |       |     5 |     2 |       ||     7
       Potion            |       |     3 |     3 |     2 ||     8
 Stab: Sleeping          |     4 |     3 |       |       ||     7
Armor: Skin              |     4 |    10 |     3 |     3 ||    20
Dodge: Dodged            |    50 |    62 |   103 |    53 ||   268

Table legend: (Time is in decaauts)
 A = Elapsed time spent in this place.
 B = Non-inter-level travel time spent in this place.
 C = Inter-level travel time spent in this place.
 D = Time resting spent in this place.
 E = Time spent auto-exploring this place.
 F = Levels seen in this place.
 G = Mean time per level.
                   A        B        C        D        E       F      G
               +--------+--------+--------+--------+--------+-----+--------+
         Total |  18113 |  17747 |    366 |   8470 |   7308 |  11 | 1646.6 |
       Dungeon |  16496 |  16142 |    354 |   7425 |   7046 |   9 | 1832.9 |
        Temple |     34 |     22 |     12 |      0 |     20 |   1 |   34.0 |
        Bailey |   1581 |   1581 |      0 |   1045 |    242 |   1 | 1581.0 |
               +--------+--------+--------+--------+--------+-----+--------+

Top non-repeatable levels by time:
     D:5: 3855 daAuts
     D:4: 2246 daAuts
     D:8: 2139 daAuts
     D:9: 1883 daAuts
     D:7: 1808 daAuts
  Bailey: 1581 daAuts
     D:2: 1464 daAuts
     D:6: 1297 daAuts
     D:3: 916 daAuts
     D:1: 885 daAuts
  Temple: 34 daAuts
